 Dungeon Crawl Stone Soup version 0.30-a0-1113-ga8025317a9 (webtiles) character file.

Game seed: 9448519808922819590

75 MacCMillion the Shooter (level 4, -6/34 HPs)
             Began as a Barachi Hunter on Apr 20, 2023.
             Killed by nerve-wracking pain
             ... invoked by an orc priest
              (8 damage)
             ... on level 2 of the Dungeon.
             The game lasted 00:06:42 (1544 turns).

MacCMillion the Shooter (Barachi Hunter)            Turns: 1544, Time: 00:06:42

Health: -6/34      AC:  7    Str: 12    XL:     4   Next: 31%
Magic:  4/4        EV: 12    Int: 10    God:
Gold:   71         SH:  0    Dex: 17    Spells: 3/3 levels left

rFire   . . .      SeeInvis .    a - +0 shortbow
rCold   . . .      Faith    .    (shield currently unavailable)
rNeg    . . .      Spirit   .    c - +0 leather armour
rPois   .          Reflect  .    (no helmet)
rElec   .          Rampage  .    (no cloak)
rCorr   .                        (no gloves)
Will    .....                    (no boots)
Stlth   ++                       (no amulet)
HPRegen 0.25/turn                i - +4 ring of protection
MPRegen 0.09/turn                (no ring)

@: unable to hop, slow
A: amphibious, slowness 1, strong legs 1, +LOS
a: Hop


You were on level 2 of the Dungeon.
You visited 1 branch of the dungeon, and saw 3 of its levels.

You collected 71 gold pieces.

Inventory:

Hand Weapons
 a - a +0 shortbow (weapon)
Armour
 c - a +0 leather armour (worn)
Jewellery
 i - a +4 ring of protection (left hand)
Scrolls
 b - a scroll of immolation
 f - a scroll of enchant weapon {unknown}
 h - 2 scrolls of identify {unknown}
 j - a scroll of fear {unknown}
Potions
 d - 2 potions of lignification {unknown}
 e - 2 potions of heal wounds {unknown}
 g - a potion of curing {unknown}
 k - a potion of degeneration {unknown}


   Skills:
 - Level 2.4 Fighting
 + Level 5.3 Ranged Weapons
 - Level 2.1 Dodging
 - Level 2.0 Stealth


You had 3 spell levels left.
You didn't know any spells.
Your spell library contained the following spells:

 Spells                   Type           Power      Damage    Failure   Level
 Ensorcelled Hibernation  Hex/Ice        0%         N/A       58%         2
 Passwall                 Tmut/Erth      0%         N/A       58%         2
 Swiftness                Air            0%         N/A       82%         3


Dungeon Overview and Level Annotations

Branches:
Dungeon (3/15)

Altars:
Trog


Innate Abilities, Weirdness & Mutations

You are amphibious.
You cover ground slowly.
You can hop short distances.
You have an extended range of vision and can be seen from far away.


Message History

The orc priest looks satisfied for a moment.
The adder barely misses you.
Fire: a) +0 shortbow
Press: ? - help, Q - select action, (/) - cycle Shift-Dir - straight line, f/p - adder
Aim: an adder (almost dead, 46% to hit)
You shoot an arrow. The arrow barely misses the adder.
The arrow barely misses the orc priest.
The arrow hits the adder.
The adder is lightly wounded.
The adder bites you but does no damage.
Unknown command.
Fire: a) +0 shortbow
Press: ? - help, Q - select action, (/) - cycle Shift-Dir - straight line, f/p - adder
Aim: an adder (almost dead, 46% to hit)
You shoot an arrow.
The arrow hits the adder but does no damage.
The adder is almost dead.
The adder closely misses you. The adder bites you.
* * * LOW HITPOINT WARNING * * *
Fire: a) +0 shortbow
Press: ? - help, Q - select action, (/) - cycle Shift-Dir - straight line, f/p - adder
Aim: an adder (severely wounded, 46% to hit)
You shoot an arrow. The arrow misses the adder.
The arrow hits the orc priest.
The orc priest is severely wounded.
The adder closely misses you. The adder bites you but does no damage.
Fire: a) +0 shortbow
Press: ? - help, Q - select action, (/) - cycle Shift-Dir - straight line, f/p - adder
Aim: an adder (severely wounded, 46% to hit)
You shoot an arrow. The arrow hits the adder.
You kill the adder!
The orc priest hits you with a +0 flail.
* * * LOW HITPOINT WARNING * * *
Fire: a) +0 shortbow
Press: ? - help, Q - select action, (/) - cycle Shift-Dir - straight line, f - orc priest
Aim: an orc priest, wielding a +0 flail (severely wounded, 63% to hit)
You shoot an arrow. The arrow hits the orc priest.
The orc priest is almost dead.
The orc priest calls down the wrath of Beogh upon you.
Pain shoots through your body!
You die...

#.. #.# ############ #.#
#.......^..# #.#
#.##...###.# #.#.#
#.##†..# .# #.#.# #.##...#
.# #.#$# #.##...# .# #.#..
#.##...# .# #@#.###
#.##...# .# #o#...
#.##...# .#.#S#<#######
###.########.#......g.....
.................>........
..##########.....$.<......
.## #....##.#####.# ##
#....# .. # #....# ###


You could see an orc priest and an adder.

Vanquished Creatures
  2 adders (D:2)
  A worm (D:2)
  3 dart slugs (D:1)
  2 orcs
  3 ball pythons (D:1)
  5 endoplasms (D:1)
  5 giant cockroaches
  2 goblins
  4 hobgoblins (D:1)
  2 quokkas
  4 bats
  2 frilled lizards (D:1)
  4 kobolds
  4 rats
43 creatures vanquished.

Notes
Turn   | Place    | Note
-------+----------+-------------------------------------------
     0 | D:1      | MacCMillion the Barachi Hunter began the quest for the Orb.
     0 | D:1      | Reached XP level 1. HP: 17/17 MP: 1/1
     5 | D:1      | Reached skill level 1 in Stealth
   104 | D:1      | Reached XP level 2. HP: 16/23 MP: 2/2
   556 | D:1      | Reached XP level 3. HP: 19/28 MP: 3/3
  1398 | D:2      | Reached skill level 5 in Ranged Weapons
  1408 | D:2      | Reached XP level 4. HP: 28/34 MP: 4/4
  1511 | D:2      | You fall into a shaft and drop 1 floor!
  1511 | D:3      | Found a bloodstained altar of Trog.
  1543 | D:2      | HP: 1/34 [orc priest/+0 flail (6)]
  1544 | D:2      | Killed from afar by an orc priest

Illustrated notes

Levels and vault maps discovered:
D:1:      giann_forest_graveyard, layout_basic
D:2:      layout_basic, minmay_goblin_kobold_house
D:3:      layout_basic, kiku_gazebo_pond_becter,
          mainiacjoe_overflow_large_starburst

Skill      XL: |  1  2  3 |
---------------+----------+-----
Stealth        | 1 2 |  2.0
Ranged Weapons | 5 |  5.3
Fighting       | |  2.4
Dodging        | |  2.1

Action                     |  1- 3 |  4- 6 || total
---------------------------+-------+-------++-------
   Fire: Shortbow          |    93 |    30 ||   123
Ability: Hop               |     1 |     1 ||     2
 Armour: Leather armour    |     4 |    11 ||    15
  Dodge: Dodged            |    25 |    19 ||    44

Table legend: (Time is in decaauts)
 A = Elapsed time spent in this place.
 B = Non-inter-level travel time spent in this place.
 C = Inter-level travel time spent in this place.
 D = Time resting spent in this place.
 E = Time spent auto-exploring this place.
 F = Levels seen in this place.
 G = Mean time per level.
                   A        B        C        D        E       F      G
               +--------+--------+--------+--------+--------+-----+--------+
         Total |   1733 |   1701 |     32 |    573 |    601 |   3 |  577.7 |
       Dungeon |   1733 |   1701 |     32 |    573 |    601 |   3 |  577.7 |
               +--------+--------+--------+--------+--------+-----+--------+

Top non-repeatable levels by time:
     D:1: 1385 daAuts
     D:2: 330 daAuts
     D:3: 17 daAuts
